 Dungeon Crawl Stone Soup version 0.26-a0-613-g4f23886233 (webtiles) character file.

Game seed: 7716740895735531790

4 KikubaaqudghaCute the Sneak (level 1, 0/13 HPs)
             Began as a Vampire Enchanter on Sept 10, 2020.
             Hit by a stone thrown by a hobgoblin (3 damage)
             ... on level 1 of the Dungeon.
             The game lasted 00:00:56 (190 turns).

KikubaaqudghaCute the Sneak (Vampire Enchanter)      Turns: 190, Time: 00:00:56

Health: 0/13       AC:  2    Str:  7    XL:     1   Next: 50%
Magic:  1/3        EV: 12    Int: 17    God:
Gold:   0          SH:  0    Dex: 14    Spells: 3/4 levels left

rFire    . . .     SeeInvis +   a - +1 dagger
rCold    . . .     Faith    .   (no shield)
rNeg     . . .     Spirit   .   b - +0 robe
rPois    .         Reflect  .   (no helmet)
rElec    .         Harm     .   (no cloak)
rCorr    .                      (no gloves)
MR       .....                  (no boots)
Stlth    +++.......             (no amulet)
HPRegen  0.24/turn              (no ring)
MPRegen  0.08/turn              (no ring)

@: very slightly contaminated, regenerating quickly
A: fangs 3, see invisible, unbreathing
a: Exsanguinate


You were on level 1 of the Dungeon.
You visited 1 branch of the dungeon, and saw 1 of its levels.

Inventory:

Hand Weapons
 a - a +1 dagger (weapon)
Armour
 b - a +0 robe (worn)


   Skills:
 + Level 0.1 Fighting
 * Level 1.3 Short Blades
 - Level 2.1 Dodging
 * Level 4.6 Stealth
 - Level 2.0 Spellcasting
 + Level 4.4 Hexes


You had 3 spell levels left.
You knew the following spells:

 Your Spells              Type           Power        Failure   Level
a - Corona                Hex            ###....      3%          1

Your spell library contained the following spells:

 Spells                   Type           Power        Failure   Level
 Confusing Touch          Hex            ###.....     10%         3
 Tukima's Dance           Hex            ###.....     10%         3
 Ensorcelled Hibernation  Hex/Ice        #.....       12%         2
 Dazzling Flash           Conj/Hex       #.....       24%         3


Dungeon Overview and Level Annotations

Branches:
Dungeon (1/15)

Altars:


Innate Abilities, Weirdness & Mutations

Your natural rate of healing is unusually fast.
You have razor-sharp teeth.
You have supernaturally acute eyesight. (SInv)
You can survive without breathing.


Message History

Aim: a hobgoblin, wielding a +0 club and quivering 19 stones (heavily wounded, chance to defeat MR: 71%)
The hobgoblin is outlined in light.
The hobgoblin throws a stone.
The stone closely misses you.
Casting: Corona (safe; 3% risk of failure)
Confirm with . or Enter, or press ? or * to list all spells.
Aiming: Corona (safe; 3% risk of failure)
Press: ? - help, Shift-Dir - straight line, f/p - hobgoblin
Aim: a hobgoblin, wielding a +0 club and quivering 18 stones (heavily wounded, softly glowing, chance to defeat MR: 71%)
You miscast Corona.
You are very lightly contaminated with residual magic.
Nothing appears to happen.
The hobgoblin throws a stone.
The stone hits you but does no damage.
The hobgoblin throws a stone.
The stone barely misses you.
You see here a stone.
The hobgoblin throws a stone.
The stone hits you.
* * * LOW HITPOINT WARNING * * *
You see here a stone.
The hobgoblin throws a stone.
The stone closely misses you.
The hobgoblin throws a stone.
The stone hits you.
You die...

##### #.†.# ####
######@#†# .....
##.(((..#.#
......#.g######.##
.......(.....##..#
...(......######.#
........### #.###
.......## #.#<##
....... ###....###
.......
#...........##


You could see a hobgoblin (corona).

Vanquished Creatures
  3 jackals (D:1)
3 creatures vanquished.

Notes
Turn   | Place    | Note
-------+----------+-------------------------------------------
     0 | D:1      | KikubaaqudghaCute the Vampire Enchanter began the quest for
                  | the Orb.
     0 | D:1      | Reached XP level 1. HP: 13/13 MP: 3/3
   190 | D:1      | Hit by a stone thrown by a hobgoblin

Illustrated notes

Levels and vault maps discovered:
D:1:      saegor_arrival_simple_a, layout_rooms, serial_park_tiny_pond

Action                   || total
-------------------------++-------
Melee: Dagger            ||    23
 Cast: Corona            ||     3
Armor: Robe              ||     3
Dodge: Dodged            ||    18

Table legend: (Time is in decaauts)
 A = Elapsed time spent in this place.
 B = Non-inter-level travel time spent in this place.
 C = Inter-level travel time spent in this place.
 D = Time resting spent in this place.
 E = Time spent auto-exploring this place.
 F = Levels seen in this place.
 G = Mean time per level.
                   A        B        C        D        E       F      G
               +--------+--------+--------+--------+--------+-----+--------+
         Total |    188 |    188 |      0 |    110 |     22 |   1 |  188.0 |
       Dungeon |    188 |    188 |      0 |    110 |     22 |   1 |  188.0 |
               +--------+--------+--------+--------+--------+-----+--------+

Top non-repeatable levels by time:
     D:1: 188 daAuts
